 Dungeon Crawl Stone Soup version 0.31.0 (webtiles) character file.

Game seed: 18040701351600847781

11672 SnakkuSnakku7 the Cruncher (level 12, -12/96 (97) HPs)
             Began as a Formicid Cinder Acolyte on Jan 20, 2024.
             Was a High Priest of Ignis.
             Mangled by a large slime creature (29 damage)
             ... on level 10 of the Dungeon.
             The game lasted 00:14:11 (7809 turns).

SnakkuSnakku7 the Cruncher (FoCA)                   Turns: 7809, Time: 00:14:12

HP:   -12/96 (97)   AC: 23    Str: 23    XL:     12   Next: 10%
MP:   13/13         EV:  6    Int: 15    God:    Ignis [*****.]
Gold: 735           SH:  5    Dex:  9    Spells: 13/13 levels left

rFire   + . .        a - +6 lajatang
rCold   . . .        (no shield)
rNeg    . . .        h - +0 plate armour
rPois   +            (helmet unavailable)
rElec   .            F - +2 cloak
rCorr   .            q - +0 pair of gloves
SInv    +            (no boots)
Will    ++...        I - amulet of reflection Stlth
                     H - +4 ring of protection
HPRegen 0.36/turn    l - ring of Zoseto {rPois Will+ AC+4}
MPRegen 0.13/turn

%: reflection
@: studying Maces & Flails, lightly drained
A: permanent stasis, dig shafts and tunnels, antennae 3, four strong arms
a: Dig, Shaft Self, Renounce Religion, Fiery Armour, Foxfire Swarm, Rising Flame


You were on level 10 of the Dungeon.
You worshipped Ignis.
Ignis was extremely pleased with you.
You visited 1 branch of the dungeon, and saw 10 of its levels.

You collected 1991 gold pieces.
You spent 1256 gold pieces at shops.

Inventory:

Hand Weapons
 a - a +6 lajatang (weapon)
 c - a -1 hand axe of flaming
 y - a -1 eveningstar
Missiles
 b - a throwing net
Armour
 h - a +0 plate armour (worn)
 o - the scarf of the Realm of Zot {+Inv, Will+ MP-9 Str+3}
   (You found it on level 2 of the Dungeon)

   Str+3:     It affects your strength (+3).
   Will+:     It increases your willpower.
   MP-9:      It affects your magic capacity (-9).
 q - a +0 pair of gloves (worn)
 F - a +2 cloak (worn)
Jewellery
 l - the ring of Zoseto (right hand) {rPois Will+ AC+4}
   (You acquired it on level 5 of the Dungeon)

   [ring of protection]

   AC+4:      It affects your AC (+4).
   rPois:     It protects you from poison Will+: It increases your willpower.
 m - a ring of resist corrosion
 x - a ring of protection from cold
 A - a ring of fire
 H - a +4 ring of protection (left hand)
 I - an amulet of reflection (around neck)
Wands
 d - a wand of mindburst (12)
 t - a wand of charming (13)
 u - a wand of roots (11)
 w - a wand of flame (98)
 D - a wand of light (4)
Scrolls
 f - 3 scrolls of vulnerability
 p - 3 scrolls of blinking {unknown}
 s - 6 scrolls of fear
 E - 4 scrolls of fog
 G - a scroll of noise {unknown}
 K - a scroll of revelation {unknown}
Potions
 e - 3 potions of brilliance {unknown}
 g - 4 potions of mutation
 i - 2 potions of curing
 j - 4 potions of lignification
 k - a potion of attraction
 n - a potion of ambrosia
 z - 4 potions of enlightenment
 B - 3 potions of heal wounds
Miscellaneous
 C - a phantom mirror


   Skills:
 - Level 10.0 Fighting
 - Level 6.7(7.4) Axes
 - Level 4.6(10.9) Maces & Flails
 - Level 13.6(14.0) Staves
 + Level 3.0 Armour
 - Level 1.1 Spellcasting
 - Level 3.0 Fire Magic
 - Level 5.0 Evocations


You had 13 spell levels left.
You didn't know any spells.
Your spell library contained the following spells:

 Spells                   Type           Power      Damage    Failure   Level
 Scorch                   Fire           18%        2d5       91%         2
 Ensorcelled Hibernation  Hex/Ice        0%         N/A       100%        2
 Lesser Beckoning         Tloc           0%         N/A       100%        2
 Momentum Strike          Conj/Tloc      0%         3d8       100%        2
 Frozen Ramparts          Ice            0%         1d1       100%        3
 Fugue of the Fallen      Necr           0%         N/A       100%        3
 Gell's Gravitas          Tloc           0%         N/A       100%        3
 Ozocubu's Armour         Ice            0%         N/A       100%        3
 Passwall                 Erth           0%         N/A       100%        3
 Teleport Other           Tloc           0%         N/A       100%        3
 Tukima's Dance           Hex            0%         N/A       100%        3
 Animate Dead             Necr           0%         N/A       100%        4
 Dimensional Bullseye     Hex/Tloc       0%         N/A       100%        4
 Iskenderun's Mystic Bla  Conj/Tloc      0%         2d3       100%        4
 Leda's Liquefaction      Alch/Erth      0%         N/A       100%        4
 Manifold Assault         Tloc           0%         N/A       100%        4
 Petrify                  Alch/Erth      0%         N/A       100%        4
 Summon Blazeheart Golem  Fire/Summ      5%         N/A       100%        4
 Borgnjor's Vile Clutch   Necr/Erth      0%         N/A       100%        5
 Metabolic Englaciation   Hex/Ice        0%         N/A       100%        5
 Death Channel            Necr           0%         N/A       100%        6
 Malign Gateway           Summ/Tloc      0%         N/A       100%        7
 Orb of Destruction       Conj           0%         9d5       100%        7
 Spellforged Servitor     Conj/Summ      0%         N/A       100%        7
 Summon Horrible Things   Summ           0%         N/A       100%        8
 Blink                    Tloc           Unusable   N/A       N/A         2
 Swiftness                Air            Unusable   N/A       N/A         3

Dungeon Overview and Level Annotations

Branches:
Dungeon (10/15)            Temple (0/1) D:6            Lair (0/5) D:10
    Orc: D:9-12

Altars:
Dithmenos
Elyvilon
Fedhas
Gozag
Kikubaaqudgha
Makhleb
Sif Muna
Trog
Vehumet
The Shining One

Shops:
D:7 =??


Innate Abilities, Weirdness & Mutations

You cannot be hasted, slowed, berserked, paralysed or teleported.
You can dig through walls and to a lower floor.
You have a pair of large antennae on your head. (SInv)
Your four strong arms can wield two-handed weapons with a shield.


Message History

The slime creature hits you!
You slash the slime creature!
You kill the slime creature!
Your Armour skill increases to level 3!
You slice the very large slime creature!!
The very large slime creature is moderately wounded.
You slice the very large slime creature!!
The very large slime creature is heavily wounded.
A very large slime creature splits.
You hit the slime creature.
The slime creature is heavily wounded.
The large slime creature hits you!!
You are too injured to fight recklessly!
You are too injured to fight recklessly!
You are too injured to fight recklessly!
You slice the large slime creature!!
The large slime creature is severely wounded.
You block the slime creature's attack. The large slime creature hits you!
You barely miss the large slime creature.
The large slime creature is severely wounded.
You block the slime creature's attack.
You barely miss the slime creature.
The slime creature is heavily wounded.
The large slime creature hits you!
* * * LOW HITPOINT WARNING * * *
You slice the slime creature!!
The slime creature is almost dead.
The slime creature closely misses you.
The large slime creature hits you but does no damage.
You hit the slime creature.
The slime creature is almost dead.
The slime creature hits you but does no damage.
You hit the slime creature.
The slime creature is almost dead.
The large slime creature hits you!
* * * LOW HITPOINT WARNING * * *
You slice the slime creature!!
You kill the slime creature!
The large slime creature hits you!!
You die...

#### #.......# ...#
#.##.##.# ##.# #.##.#
# ##.###########.#..#
...........!.#.#.##
#..#.####........###.#
...#.# .##.#.......#
).## # #.##..#####
####.# #....@..#
.....# ####J##.#
###### ..., .# # ...#.
# # ###..., # #.#. #
#... # #### #


You could see a large slime creature.

Vanquished Creatures
  Erica (D:8)
  4 two-headed ogres
  Nergalle (D:10)
  Joseph (D:7)
  A gargoyle (D:7)
  An unseen horror (D:7)
  2 trolls
  2 slime creatures (D:10)
  A shadow (D:10)
  Eustachio (D:5)
  8 yaks
  A wyvern (D:7)
  A vampire mosquito (D:7)
  Menkaure (D:7)
  3 acid dragons
  3 water moccasins
  2 black bears
  3 orc warriors
  An ice beast (D:7)
  3 sky beasts
  An ogre (D:5)
  2 phantoms
  3 centaurs
  4 kobold brigands
  3 bullfrogs
  6 scorpions
  6 wights
  18 killer bees
  A jelly (D:8)
  4 bombardier beetles
  3 hounds
  3 orc priests
  Crazy Yiuf (D:6)
  2 sleepcaps
  2 gnoll boudas (D:9)
  Natasha (thrice) (D:3)
  4 iguanas
  5 orc wizards
  8 gnolls (D:9)
  8 adders
  A shadow imp (D:8)
  2 ufetubi (D:6)
  3 dart slugs (D:1)
  A ribbon worm (D:2)
  25 orcs
  5 endoplasms
  11 goblins
  8 hobgoblins
  10 jackals
  7 kobolds
  3 quokkas
  7 ball pythons
  4 bats
  A frilled lizard (D:1)
  5 rats
221 creatures vanquished.

Notes
Turn   | Place    | Note
-------+----------+-------------------------------------------
     0 | D:1      | SnakkuSnakku7 the Formicid Cinder Acolyte began the quest
                  | for the Orb.
     0 | D:1      | Reached XP level 1. HP: 18/18 MP: 2/2
    95 | D:1      | Reached XP level 2. HP: 19/24 MP: 3/3
   198 | D:1      | Reached XP level 3. HP: 29/29 MP: 4/4
   738 | D:2      | Found a faded altar of an unknown god.
   879 | D:2      | Reached XP level 4. HP: 26/35 MP: 5/5
  1026 | D:2      | Identified the scarf of the Realm of Zot {+Inv, Will+ MP-9
                  | Str+3}
  1565 | D:3      | Noticed Natasha
  1578 | D:3      | Killed Natasha
  1579 | D:3      | Reached skill level 1 in Evocations
  1799 | D:3      | Noticed Natasha
  1811 | D:3      | Killed Natasha
  1812 | D:3      | Reached skill level 5 in Axes
  1812 | D:3      | Reached XP level 5. HP: 23/41 MP: 0/6
  2080 | D:3      | Noticed Natasha
  2088 | D:3      | Killed Natasha
  2327 | D:4      | Noticed a phantom
  2348 | D:4      | Killed a phantom
  2349 | D:4      | Reached XP level 6. HP: 38/47 MP: 0/7
  2375 | D:4      | Found a shimmering blue altar of Sif Muna.
  2407 | D:4      | Found a blossoming altar of Fedhas.
  2475 | D:4      | Found a white marble altar of Elyvilon.
  2600 | D:4      | Found a glowing golden altar of the Shining One.
  2655 | D:4      | Reached XP level 7. HP: 45/52 MP: 0/8
  2864 | D:4      | Reached skill level 5 in Evocations
  3133 | D:5      | Entered Level 5 of the Dungeon
  3137 | D:5      | Noticed Eustachio
  3146 | D:5      | Killed Eustachio
  3147 | D:5      | Reached XP level 8. HP: 51/58 MP: 0/9
  3260 | D:5      | Identified the +6 hand axe of Regicide {heavy, rCorr}
  3354 | D:5      | Reached skill level 1 in Staves
  3491 | D:5      | Reached skill level 2 in Staves
  3577 | D:5      | Reached skill level 3 in Staves
  3845 | D:5      | Identified 2 scrolls of acquirement
  3845 | D:5      | Acquired the ring of Zoseto {rPois Will+ AC+4}
  3848 | D:5      | Acquired 851 gold pieces
  3899 | D:5      | Reached skill level 4 in Staves
  4087 | D:6      | Reached skill level 5 in Staves
  4118 | D:6      | Reached skill level 6 in Staves
  4118 | D:6      | Reached XP level 9. HP: 12/64 MP: 1/10
  4462 | D:6      | Reached skill level 7 in Staves
  4614 | D:6      | Found a staircase to the Ecumenical Temple.
  4686 | D:6      | Reached skill level 8 in Staves
  4901 | D:6      | Found a runed translucent door.
  4902 | D:6      | Noticed Crazy Yiuf
  4911 | D:6      | Killed Crazy Yiuf
  5020 | D:7      | Found a bloodstained altar of Trog.
  5081 | D:7      | Found Nyopeona's Jewellery Shoppe.
  5087 | D:7      | Bought a +4 ring of protection for 504 gold pieces
  5089 | D:7      | Bought an amulet of reflection for 420 gold pieces
  5310 | D:7      | Found Urphypo's Magic Scroll Emporium.
  5323 | D:7      | Reached skill level 9 in Staves
  5324 | D:7      | Noticed Joseph
  5460 | D:7      | Noticed Menkaure
  5474 | D:7      | Killed Joseph
  5475 | D:7      | Reached XP level 10. HP: 29/70 MP: 11/11
  5477 | D:7      | Killed Menkaure
  5478 | D:7      | Reached skill level 10 in Staves
  5654 | D:7      | Bought a scroll of enchant weapon for 82 gold pieces
  5654 | D:7      | Bought a scroll of fear for 44 gold pieces
  5654 | D:7      | Bought a scroll of identify for 22 gold pieces
  5659 | D:7      | Acquired 397 gold pieces
  5786 | D:7      | Noticed a gargoyle
  5786 | D:7      | Noticed an unseen horror
  5791 | D:7      | Killed an unseen horror
  5792 | D:7      | Killed a gargoyle
  5793 | D:7      | Reached skill level 11 in Staves
  5802 | D:7      | Found Woyllu's Magic Scroll Emporium.
  5810 | D:7      | Bought a scroll of fog for 64 gold pieces
  5810 | D:7      | Bought a scroll of enchant weapon for 120 gold pieces
  5995 | D:7      | Noticed a two-headed ogre
  6010 | D:7      | Noticed a two-headed ogre
  6011 | D:7      | Reached skill level 12 in Staves
  6017 | D:7      | Killed a two-headed ogre
  6020 | D:7      | Killed a two-headed ogre
  6021 | D:7      | Reached skill level 13 in Staves
  6021 | D:7      | Reached XP level 11. HP: 41/75 MP: 12/12
  6034 | D:7      | Identified the +7 quarterstaff "Spiderslayer" {heavy, rPois
                  | rF+ Str-4 Dex+3}
  6153 | D:7      | Found a radiant altar of Vehumet.
  6484 | D:8      | Noticed Erica
  6491 | D:8      | Killed Erica
  6537 | D:8      | Reached skill level 5 in Fighting
  6551 | D:8      | Identified the +0 ring mail of Liemn {Str+5 Int-3}
  6909 | D:9      | Found an opulent altar of Gozag.
  6998 | D:9      | Found a shadowy altar of Dithmenos.
  7412 | D:10     | Entered Level 10 of the Dungeon
  7427 | D:10     | Noticed a two-headed ogre
  7434 | D:10     | Killed a two-headed ogre
  7478 | D:10     | Noticed Nergalle
  7484 | D:10     | Killed Nergalle
  7511 | D:10     | Noticed a two-headed ogre
  7521 | D:10     | Killed a two-headed ogre
  7522 | D:10     | Reached skill level 10 in Fighting
  7522 | D:10     | Reached skill level 1 in Armour
  7522 | D:10     | Reached XP level 12. HP: 31/97 MP: 13/13
  7527 | D:10     | Found an ancient bone altar of Kikubaaqudgha.
  7596 | D:10     | Found a staircase to the Lair.
  7616 | D:10     | Found a burning altar of Makhleb.
  7617 | D:10     | Noticed a blizzard demon
  7809 | D:10     | Mangled by a large slime creature

Illustrated notes

Levels and vault maps discovered:
D:1:      psy_arrival_radial02, layout_basic, minmay_stone_trees_small
D:2:      layout_basic, nicolae_ecumenical_pavilion, kennysheep_generic_room_12
D:3:      layout_loops_ring, st_stairs_8, chequers_serial_rivers_room_b,
          chequers_jeans, grunt_ministairs_12, kennysheep_big_empty_room,
          uniq_natasha
D:4:      old_forge, layout_loops_ring, mainiacjoe_overflow_boulevard,
          mainiacjoe_overflow_small_starburst, lemuel_round_altar,
          lemuel_crystal_altar
D:5:      layout_basic, uniq_eustachio
D:6:      hangedman_cross_stitches, layout_rooms, minmay_temple_entry_overgrown,
          uniq_crazy_yiuf_cottage
D:7:      minmay_the_grid_plus [minmay_the_grid_spikes, minmay_the_grid_doors,
          minmay_the_grid_dragon_b, minmay_the_grid_outer_diamond,
          minmay_the_grid_prize_shrinking_boxes], layout_basic,
          mainiacjoe_overflow_surrounded_room, trog_book, serial_shops,
          nicolae_shop_trees, shop, shop, uniq_joseph, uniq_menkaure
D:8:      layout_gridville, uniq_erica
D:9:      layout_basic, grunt_dithmenos_smoke_and_mirrors, kennysheep_mini,
          kennysheep_generic_room_11
D:10:     layout_loops_cross, mainiacjoe_overflow_chevrons,
          nicolae_wu_jian_wuxing_cycle, makhleb_altar_promises_db, serial_glass,
          glass_columns_a, glass_columns_c, glass_columns_b,
          blue_anna_alchemist, uniq_nergalle

Skill      XL: |  1  2  3  4  5  6  7  8  9 10 11 12 |
---------------+-------------------------------------+-----
Axes           | 4 5 6 |  6.7
Evocations     | 2 3 4 5 |  5.0
Maces & Flails | 4 |  4.6
Staves         | 6 9 13 | 13.6
Fighting       | 10 | 10.0
Armour         | 1 3 |  3.0
Spellcasting   | |  1.1
Fire Magic     | |  3.0

Action                     |  1- 3 |  4- 6 |  7- 9 | 10-12 || total
---------------------------+-------+-------+-------+-------++-------
  Melee: Hand axe          |    94 |    85 |    48 |       ||   227
         War axe           |       |    32 |       |       ||    32
         Punch             |       |     2 |     2 |     3 ||     7
         Lajatang          |       |       |   253 |   315 ||   568
         Eveningstar       |       |       |    11 |       ||    11
Ability: Dig               |       |       |     1 |       ||     1
  Evoke: Wand              |       |       |     2 |     5 ||     7
    Use: Scroll            |       |       |     7 |    12 ||    19
         Potion            |       |       |     1 |       ||     1
   Stab: Invisible         |       |       |       |     1 ||     1
 Armour: Robe              |    18 |       |       |       ||    18
         Plate armour      |    59 |   109 |   426 |   240 ||   834
  Dodge: Dodged            |    42 |    40 |   128 |    75 ||   285
  Block: Other             |       |       |    18 |    63 ||    81
         Reflection        |       |       |     2 |     2 ||     4
